 Dungeon Crawl Stone Soup version 0.19-a0-475-gfca3800 (webtiles) character file.

5412 Leszczynek the Cleaver (level 10, -3/66 HPs)
             Began as an Octopode Berserker on June 5, 2016.
             Was a High Priest of Trog.
             Slain by an ice beast (7 damage)
             ... on level 9 of the Dungeon.
             The game lasted 00:19:42 (8350 turns).

Leszczynek the Cleaver (Octopode Berserker)         Turns: 8350, Time: 00:19:43

Health: -3/66      AC:  1    Str: 17    XL:     10   Next: 67%
Magic:  10/10      EV: 12    Int: 10    God:    Trog [*****.]
Gold:   584        SH:  0    Dex: 14    Spells: 0 memorised, 9 levels left

rFire  + . .     SeeInvis .     b - +1 war axe
rCold  . . .     Gourm    .     (no shield)
rNeg   . . .     Faith    .     (helmet restricted)
rPois  .         Spirit   .     (no amulet)
rElec  .         Dismiss  .     r - ring of protection from fire
rCorr  .         Reflect  .     (no ring)
SustAt .         Harm     .     (no ring)
MR     .....                    (no ring)
Stlth  ++........               (no ring)
                                (no ring)
                                (no ring)
                                (no ring)

@: exhausted, slowed, very slow, not resistant to hostile enchantments,
unstealthy
A: almost no armour, amphibious, 8 rings, constrict 8, camouflage 1, mutation
resistance 1, gelatinous body 1
a: Berserk, Trog's Hand, Brothers in Arms, Burn Spellbooks, Renounce Religion


You were on level 9 of the Dungeon.
You worshipped Trog.
Trog was extremely pleased with you.
You were near starving.

You visited 1 branch of the dungeon, and saw 9 of its levels.

You collected 584 gold pieces.

Inventory:

Hand Weapons
 a - a +0 short sword of electrocution
 b - a +1 war axe (weapon)
 J - a +0 dire flail
Missiles
 p - 7 curare-tipped needles
 x - 16 tomahawks (quivered)
 K - a throwing net
 P - 2 tomahawks of dispersal
Jewellery
 r - a ring of protection from fire (left tentacle)
Wands
 f - a wand of slowing (21/48)
 m - a wand of flame (19/48)
 s - a wand of flame (9/48)
 y - a wand of polymorph (19/24)
 A - a wand of slowing (25/48)
 D - a wand of random effects (19/48)
 L - a wand of lightning (8/15)
Scrolls
 j - a scroll of remove curse
 n - a scroll of identify
 o - 4 scrolls of fog
Potions
 e - a potion of agility
 g - 4 potions of flight
 i - 2 potions of curing
 k - a potion of ambrosia {unknown}
 u - a potion of invisibility
 z - a potion of might
 B - a potion of resistance
 E - a potion of cure mutation
 N - a potion of haste
Books
 h - a book of Dreams

   Spells                             Type                      Level
   a - Ensorcelled Hibernation        Hexes/Ice                    2
   b - Silence                        Hexes/Air                    5
   c - Darkness                       Hexes                        6
   d - Shadow Creatures               Summoning                    6
   Trog disapproves of the use of such an item.
 l - a book of the Tempests

   Spells                             Type                      Level
   a - Static Discharge               Conjuration/Air              3
   b - Lightning Bolt                 Conjuration/Air              5
   c - Fireball                       Conjuration/Fire             5
   d - Tornado                        Air                          9
   e - Shatter                        Earth                        9
   Trog disapproves of the use of such an item.
Comestibles
 c - 5 chunks of flesh
 d - 2 slices of pizza
 t - 2 beef jerkies
 v - a meat ration
 I - 10 bread rations
 O - a royal jelly


   Skills:
 - Level 5.4 Fighting
 + Level 11.4 Axes
 + Level 6.7 Throwing
 + Level 7.7 Dodging


You had 9 spell levels left.
You didn't know any spells.

Dungeon Overview and Level Annotations

Branches:
Dungeon (9/15)             Temple (0/1) D:7
   Lair: D:8-11         Orc: D:9-12

Altars:
Elyvilon
Fedhas
Qazlal
Trog
Vehumet


Innate Abilities, Weirdness & Mutations

You cannot wear most types of armour.
You are amphibious.
You can wear up to eight rings at the same time.
You can use your tentacles to constrict eight enemies at once.
Your skin changes colour to match your surroundings (Stealth+).
Your rubbery body absorbs attacks. (AC +1)
You are somewhat resistant to further mutation.


Message History

Trog accepts your kill.
The orc wizard mumbles some strange words.
The orc wizard blinks!
You hit the ice beast but do no damage. The ice beast hits you.
The ice beast freezes you!
You hit the ice beast.
The ice beast is moderately wounded.
The ice beast barely misses you. x2
You hit the ice beast. Your squeeze misses the ice beast.
The ice beast is moderately wounded.
The ice beast misses you. The ice beast completely misses you.
The ice beast hits you. The ice beast freezes you!
There is a stone staircase leading up here.
The ice beast hits you. The ice beast freezes you!
* * * LOW HITPOINT WARNING * * *
The ice beast hits you.
* * * LOW HITPOINT WARNING * * *
The ice beast freezes you!
You die...

.## ##....... ..# #......?. ..#
#........ ..##### #........
........ ..####### #........
######## #.......#####........
######## #######o.o.o........$
........ #...#..Y####$........
...####..##.#.#.@.##.o........o
...### #....................o..
.....# ######.#................
.....#######...................
...............................
##..)).....##..................
##..))....###..#........
.#........#.............
............##.....##.


You could see an orc warrior, an ice beast and an orc wizard.

Vanquished Creatures
  Erica (D:8)
  Maurice (D:8)
  A troll (D:8)
  Prince Ribbit (D:8)
  A spriggan (D:8)
  4 yaks (D:9)
  Menkaure (D:6)
  Duvessa (D:5)
  A water moccasin (D:7)
  4 orc warriors
  An ice beast (D:7)
  A wasp (D:7)
  3 phantoms
  2 sky beasts
  2 ogres
  2 centaurs (D:7)
  A big kobold (D:7)
  3 giant frogs
  Dowan (D:5)
  A scorpion (D:7)
  3 howler monkeys
  A crimson imp (D:8)
  3 hounds
  A giant frog zombie (D:5)
  2 jellies
  A gnoll shaman (D:7)
  7 orc priests
  9 orc wizards
  An iguana (D:6)
  Natasha (D:3)
  3 worker ants
  A hound skeleton (D:4)
  5 gnolls (D:7)
  16 adders
  A howler monkey skeleton (D:9)
  A shadow imp (D:7)
  An ooze (D:7)
  An adder skeleton (D:4)
  A worm (D:2)
  10 dart slugs
  5 giant geckos
  34 orcs
  8 giant cockroaches
  9 goblins
  6 hobgoblins
  3 jackals
  5 quokkas
  8 bats
  6 giant newts
  9 kobolds
  A quokka skeleton (D:8)
  6 rats
202 creatures vanquished.

Vanquished Creatures (others)
  A phantom (D:6)
1 creature vanquished.

Grand Total: 203 creatures vanquished

Notes
Turn   | Place    | Note
--------------------------------------------------------------
     0 | D:1      | Leszczynek the Octopode Berserker began the quest for the Orb.
     0 | D:1      | Reached XP level 1. HP: 16/16 MP: 1/1
   122 | D:1      | Reached XP level 2. HP: 10/21 MP: 2/2
   446 | D:1      | Reached XP level 3. HP: 23/26 MP: 3/3
   448 | D:1      | Reached ** piety under Trog
   907 | D:2      | Found a faded altar of an unknown god.
  1292 | D:2      | Reached XP level 4. HP: 31/31 MP: 4/4
  1298 | D:2      | Reached skill level 4 in Axes
  1520 | D:2      | Gained mutation: You are somewhat resistant to further mutation. [potion of beneficial mutation]
  2025 | D:3      | Found a white marble altar of Elyvilon.
  2068 | D:3      | Noticed Natasha
  2076 | D:3      | Killed Natasha
  2076 | D:3      | Reached XP level 5. HP: 37/37 MP: 5/5
  2584 | D:4      | Found a bloodstained altar of Trog.
  2708 | D:4      | Reached *** piety under Trog
  2856 | D:4      | Reached skill level 5 in Axes
  2856 | D:4      | Reached XP level 6. HP: 22/43 MP: 6/6
  3503 | D:5      | Entered Level 5 of the Dungeon
  3627 | D:5      | Reached XP level 7. HP: 49/49 MP: 7/7
  3794 | D:5      | Reached skill level 6 in Axes
  3966 | D:5      | Noticed Duvessa
  3972 | D:5      | Noticed Dowan
  3991 | D:5      | Killed Duvessa
  3994 | D:5      | Killed Dowan
  3994 | D:5      | Reached skill level 5 in Fighting
  3994 | D:5      | Reached skill level 5 in Dodging
  4062 | D:5      | Found a radiant altar of Vehumet.
  4062 | D:5      | Found a blossoming altar of Fedhas.
  4072 | D:5      | You fall through a shaft for 2 floors!
  4072 | D:7      | Found a flagged portal.
  4369 | D:6      | Reached **** piety under Trog
  4369 | D:6      | Reached XP level 8. HP: 55/55 MP: 8/8
  4372 | D:6      | Reached skill level 7 in Axes
  4546 | D:6      | Noticed Menkaure
  4553 | D:6      | Killed Menkaure
  5057 | D:7      | Reached skill level 8 in Axes
  5345 | D:7      | Reached skill level 1 in Throwing
  5585 | D:7      | Reached skill level 9 in Axes
  5633 | D:7      | Found a staircase to the Ecumenical Temple.
  5702 | D:7      | Reached XP level 9. HP: 61/61 MP: 9/9
  6032 | D:7      | Received a gift from Trog
  6032 | D:7      | Reached skill level 10 in Axes
  6345 | D:8      | Noticed Prince Ribbit
  6353 | D:8      | Killed Prince Ribbit
  6430 | D:8      | Noticed Maurice
  6433 | D:8      | Noticed Erica
  6438 | D:8      | Killed Maurice
  6834 | D:8      | Reached skill level 5 in Throwing
  6945 | D:8      | Killed Erica
  6945 | D:8      | Reached skill level 11 in Axes
  6945 | D:8      | Reached XP level 10. HP: 66/66 MP: 10/10
  7399 | D:8      | Found a stormy altar of Qazlal.
  7846 | D:8      | Reached ***** piety under Trog
  8350 | D:9      | HP: 6/66 [ice beast (11)]
  8350 | D:9      | Slain by an ice beast

Vault maps used:
D:1:      lightli_arrival_statue_moat, minmay_vboxes
D:2:      ecumenical_altar_2
D:3:      first_bread, elyvilon_altar_4, uniq_natasha
D:4:      kennysheep_slugbush, lemuel_doored_altar
D:5:      gammafunk_temple_overflow_elements, uniq_duvessa
D:6:      lemuel_ice_spiral_2, uniq_menkaure
D:7:      temple_fountains, enter_bailey_3
D:8:      lemuel_crystal_altar, the_bakery, uniq_maurice, uniq_erica,
          uniq_prince_ribbit1

Skill      XL: |  1  2  3  4  5  6  7  8  9 10 |
---------------+-------------------------------+-----
Axes           | 4 5 6 9 11 | 11.4
Dodging        | 4 5 6 7 |  7.7
Fighting       | 4 5 |  5.4
Throwing       | 2 5 6 |  6.7

Action                   |  1- 3 |  4- 6 |  7- 9 | 10-12 || total
-------------------------+-------+-------+-------+-------++-------
Melee: Hand axe          |    48 |       |       |       ||    48
       Constrict         |    18 |    32 |    44 |     7 ||   101
       Tentacles         |     6 |    27 |    38 |    15 ||    86
       Short sword       |    16 |   103 |   158 |       ||   277
       War axe           |       |       |    40 |    85 ||   125
Throw: Tomahawk          |       |       |       |     2 ||     2
Invok: Berserk           |     1 |     6 |    15 |     6 ||    28
       Trog's Hand       |       |       |     1 |       ||     1
Evoke: Wand              |       |       |     5 |       ||     5
  Use: Scroll            |       |    13 |     4 |    10 ||    27
       Potion            |       |     1 |     2 |     1 ||     4
 Stab: Sleeping          |     2 |     4 |     4 |     1 ||    11
       Distracted        |       |     1 |     1 |       ||     2
       Invisible         |       |       |     1 |       ||     1
  Eat: Chunk             |     2 |    13 |    26 |     7 ||    48
       Fruit             |       |       |       |     2 ||     2
       Pizza             |       |       |       |     1 ||     1
Armor: Skin              |     4 |     5 |    10 |    21 ||    40
Dodge: Dodged            |    45 |    55 |   130 |    35 ||   265
